 Dungeon Crawl Stone Soup version 0.31-a0-965-g8a8ce12e04 (webtiles) character file.

Game seed: 4393625081815137739

79 wildpjah the Ruffian (level 4, -8/34 HPs)
             Began as a Gnoll Shapeshifter on Oct 26, 2023.
             Was a Believer of Dithmenos.
             Killed by divine providence
             ... invoked by an orc priest
              (14 damage)
             ... on level 3 of the Dungeon.
             The game lasted 00:02:32 (1281 turns).

wildpjah the Ruffian (Gnoll Shapeshifter)           Turns: 1281, Time: 00:02:32

Health: -8/34      AC:  2    Str: 16    XL:     4   Next: 38%
Magic:  5/5        EV: 13    Int:  9    God:    Dithmenos [**....]
Gold:   49         SH:  0    Dex: 11    Spells: 5/5 levels left

rFire   . .          .
                       - Unarmed
rCold   . . .        (no shield)
rNeg    . . .        a - +0 animal skin
rPois   .            (helmet currently unavailable)
rElec   .            (cloak currently unavailable)
rCorr   .            (gloves currently unavailable)
SInv    .            (boots currently unavailable)
Will    .....        (no amulet)
Stlth   ++           (no ring)
HPRegen 0.25/turn    (no ring)
MPRegen 0.09/turn

%: no passive effects
@: beast-form, wreathed by umbra
A: beast (slay +3), fangs 1, strong nose, distributed training
a: Begin Untransformation, Renounce Religion, Shadow Step


You were on level 3 of the Dungeon.
You worshipped Dithmenos.
Dithmenos was pleased with you.
You were a hulking beast.
You visited 1 branch of the dungeon, and saw 3 of its levels.

You collected 49 gold pieces.

Inventory:

Hand Weapons
 j - a +0 lajatang
Missiles
 l - 8 boomerangs
Armour
 a - a +0 animal skin (worn)
Talismans
 c - a beast talisman
 d - a flux talisman
Scrolls
 e - 2 scrolls of teleportation {unknown}
 f - a scroll of revelation {unknown}
 h - a scroll of identify {unknown}
 m - a scroll of poison {unknown}
 n - 2 scrolls of enchant weapon {unknown}
 o - a scroll of acquirement {unknown}
 p - a scroll of enchant armour {unknown}
Potions
 b - a potion of lignification
 g - 2 potions of curing {unknown}
 i - a potion of ambrosia {unknown}
 k - a potion of brilliance {unknown}


   Skills:
 + Level 2.7 Fighting
 + Level 1.1 Short Blades
 + Level 1.1 Long Blades
 + Level 1.1 Axes
 + Level 1.1 Maces & Flails
 + Level 1.1 Polearms
 + Level 1.1 Staves
 + Level 1.1 Ranged Weapons
 + Level 1.1 Throwing
 + Level 1.1 Armour
 + Level 4.6 Dodging
 + Level 1.1 Stealth
 + Level 1.1 Shields
 + Level 6.6 Unarmed Combat
 + Level 1.1 Spellcasting
 + Level 0.9 Conjurations
 + Level 0.9 Hexes
 + Level 0.9 Summonings
 + Level 0.9 Necromancy
 + Level 0.9 Translocations
 + Level 0.9 Transmutations
 + Level 0.9 Fire Magic
 + Level 0.9 Ice Magic
 + Level 0.9 Air Magic
 + Level 0.9 Earth Magic
 + Level 0.9 Poison Magic
 + Level 1.2 Invocations
 + Level 1.1 Evocations
 + Level 6.5 Shapeshifting


You had 5 spell levels left.
You didn't know any spells.
Your spell library was empty.

Dungeon Overview and Level Annotations

Branches:
Dungeon (3/15)

Altars:
Dithmenos


Innate Abilities, Weirdness & Mutations

You are a hulking beast.
Your limbs bulge with bestial killing power. (Slay +3)
You have very sharp teeth.
Your uncanny sense of smell can sniff out nearby items.
Your experience applies equally to all skills.


Message History

There is a stone staircase leading down here.
You climb downwards.
Found a robe and 9 stones.
There is a stone staircase leading up here.
No target in view!
You see here a +0 robe.
You see here 9 stones.
An orc and 2 orc priests come into view.
An orc priest is wielding a +0 whip of holy wrath.
The orc shouts!
The orc priest shouts! x2
An orc priest comes into view. It is wielding a +0 whip.
The orc priest shouts!
You hear a shout!
An orc comes into view. It is wielding a +0 club.
The orc priest calls down the wrath of Beogh upon you.
Beogh smites you!
You closely miss the orc. You closely miss the orc.
The orc hits you with a +0 short sword.
You punch the orc!
You kill the orc!
Dithmenos accepts your kill.
An orc comes into view. It is wielding a +2 vampiric whip.
You hit the orc priest.
You bite the orc priest, but do no damage.
The orc priest is heavily wounded.
The orc priest hits you with a +0 dagger.
The orc priest calls upon Beogh to heal the orc priest.
The orc priest is healed somewhat.
You punch the orc priest!
The orc priest is severely wounded.
The orc priest calls down the wrath of Beogh upon you.
Beogh smites you!
* * * LOW HITPOINT WARNING * * *
The orc priest hits you with a +0 dagger.
* * * LOW HITPOINT WARNING * * *
You hit the orc priest.
You bite the orc priest, but do no damage.
The orc priest is almost dead.
The orc priest calls down the wrath of Beogh upon you.
Beogh smites you!
You die...

.# #####.# ###.....
#.....#∆ ###.....#
##.......######.###
.#####..........hooooo..
.........[....#.####....
######<..#######.# #
.........# #.#
########.## ##.# ##.##
##.## ##.###.## ##(..##
#####


You could see 3 orc priests and 2 orcs.

Vanquished Creatures
  A worm (D:2)
  4 dart slugs
  An orc (D:3)
  6 bats
  4 endoplasms
  4 giant cockroaches (D:2)
  6 goblins
  5 hobgoblins
  11 jackals
  3 kobolds
  3 quokkas
  6 ball pythons
  2 frilled lizards
  2 rats (D:1)
58 creatures vanquished.

Notes
Turn   | Place    | Note
-------+----------+-------------------------------------------
     0 | D:1      | wildpjah the Gnoll Shapeshifter began the quest for the
                  | Orb.
     0 | D:1      | Reached XP level 1. HP: 17/17 MP: 1/1
    81 | D:1      | Reached XP level 2. HP: 23/23 MP: 2/2
   316 | D:1      | Reached XP level 3. HP: 24/28 MP: 3/3
   437 | D:1      | Found a faded altar of an unknown god.
   442 | D:1      | Prayed at the altar of an unknown god.
   442 | D:1      | Became a worshipper of Dithmenos the Shadowed
   442 | D:1      | Reached * piety under Dithmenos
   609 | D:2      | Reached skill level 1 in Invocations
   656 | D:2      | Reached skill level 1 in Short Blades
   656 | D:2      | Reached skill level 1 in Long Blades
   656 | D:2      | Reached skill level 1 in Axes
   656 | D:2      | Reached skill level 1 in Maces & Flails
   656 | D:2      | Reached skill level 1 in Polearms
   656 | D:2      | Reached skill level 1 in Staves
   656 | D:2      | Reached skill level 1 in Ranged Weapons
   656 | D:2      | Reached skill level 1 in Throwing
   656 | D:2      | Reached skill level 1 in Armour
   656 | D:2      | Reached skill level 1 in Stealth
   656 | D:2      | Reached skill level 1 in Shields
   656 | D:2      | Reached skill level 1 in Spellcasting
   656 | D:2      | Reached skill level 1 in Evocations
   813 | D:2      | Reached XP level 4. HP: 34/34 MP: 5/5
   908 | D:2      | Reached ** piety under Dithmenos
  1281 | D:3      | Killed from afar by an orc priest

Illustrated notes

Levels and vault maps discovered:
D:1:      roderic_dead_forest, layout_rooms, shapermc_ecumenical_altar_petra,
          minmay_tiny_reverse_x
D:2:      layout_basic
D:3:      layout_loops_ring, serial_shops, nicolae_shop_tiny_glass,
          amethyst_killhole, uniq_grinder

Skill      XL: |  1  2  3 |
---------------+----------+-----
Invocations    | 1 |  1.2
Short Blades   | 1 |  1.1
Long Blades    | 1 |  1.1
Axes           | 1 |  1.1
Maces & Flails | 1 |  1.1
Polearms       | 1 |  1.1
Staves         | 1 |  1.1
Ranged Weapons | 1 |  1.1
Throwing       | 1 |  1.1
Armour         | 1 |  1.1
Stealth        | 1 |  1.1
Shields        | 1 |  1.1
Spellcasting   | 1 |  1.1
Evocations     | 1 |  1.1
Fighting       | |  2.7
Dodging        | |  4.6
Unarmed Combat | |  6.6
Conjurations   | |  0.9
Hexes          | |  0.9
Summonings     | |  0.9
Necromancy     | |  0.9
Translocations | |  0.9
Transmutations | |  0.9
Fire Magic     | |  0.9
Ice Magic      | |  0.9
Air Magic      | |  0.9
Earth Magic    | |  0.9
Poison Magic   | |  0.9
Shapeshifting  | |  6.5

Action                     |  1- 3 |  4- 6 || total
---------------------------+-------+-------++-------
  Melee: Unarmed           |    92 |    34 ||   126
         Punch             |     2 |       ||     2
         Bite              |     5 |     4 ||     9
   Stab: Sleeping          |       |     1 ||     1
 Armour: Animal skin       |    35 |    13 ||    48
  Dodge: Dodged            |    85 |    17 ||   102

Table legend: (Time is in decaauts)
 A = Elapsed time spent in this place.
 B = Non-inter-level travel time spent in this place.
 C = Inter-level travel time spent in this place.
 D = Time resting spent in this place.
 E = Time spent auto-exploring this place.
 F = Levels seen in this place.
 G = Mean time per level.
                   A        B        C        D        E       F      G
               +--------+--------+--------+--------+--------+-----+--------+
         Total |   1265 |   1204 |     61 |      0 |    927 |   3 |  421.7 |
       Dungeon |   1265 |   1204 |     61 |      0 |    927 |   3 |  421.7 |
               +--------+--------+--------+--------+--------+-----+--------+

Top non-repeatable levels by time:
     D:2: 655 daAuts
     D:1: 581 daAuts
     D:3: 28 daAuts
